 Dungeon Crawl Stone Soup version 0.13.0-3-g966e3ec (webtiles) character file.

487 Jaijje the Basher (level 6, -1/52 HPs)
             Began as a Minotaur Berserker on Oct 13, 2013.
             Was a Priest of Trog.
             Slain by an iguana (2 damage)
             ... on Level 4 of the Dungeon.
             The game lasted 00:10:09 (2756 turns).

Jaijje the Basher (Minotaur Berserker)              Turns: 2756, Time: 00:10:09

HP  -1/52        AC  3     Str 23      XL: 6   Next: 15%
MP   2/2         EV 12     Int  4      God: Trog [***...]
Gold 184         SH  0     Dex 10      Spells:  0 memorised,  5 levels left

Res.Fire  : . . .   See Invis. : .   a - +0 mace
Res.Cold  : . . .   Warding    : .   b - +0 animal skin
Life Prot.: . . .   Conserve   : .   (no shield)
Res.Poison: .       Res.Corr.  : .   (helmet restricted)
Res.Elec. : .       Clarity    : .   (no cloak)
Sust.Abil.: . .     Spirit.Shd : .   (no gloves)
Res.Mut.  : .       Stasis     : .   p - +0 pair of boots
Res.Rott. : .       Flight     : .   (no amulet)
Saprovore : . . .                    (no ring)
                                     (no ring)

@: slightly resistant to hostile enchantments, unstealthy
A: retaliatory headbutt, horns 2
a: Burn Spellbooks, Berserk, Trog's Hand, Renounce Religion


You were on level 4 of the Dungeon.
You worshipped Trog.
Trog was most pleased with you.
You were hungry.

You visited 1 branch of the dungeon, and saw 4 of its levels.

You collected 164 gold pieces.

Inventory:

Hand weapons
 a - a +0,+0 mace (weapon)
Armour
 b - a +0 animal skin (worn)
 p - a +0 pair of boots (worn)
Comestibles
 c - 2 bread rations
 j - a choko
 k - a pear
 q - a chunk of iguana flesh
 r - a meat ration
 t - a chunk of giant newt flesh
Scrolls
 d - a scroll of remove curse
 f - 3 scrolls of teleportation {unknown}
 g - 3 scrolls of recharging {unknown}
 l - a scroll of curse armour {unknown}
 o - a scroll of amnesia {unknown}
 s - a scroll of enchant weapon II {unknown}
Jewellery
 i - an uncursed ring of magical power {unknown}
 n - an uncursed ring of flight {unknown}
Potions
 e - 5 potions of curing {unknown}
 h - a potion of resistance {unknown}
 m - a potion of cure mutation {unknown}


   Skills:
 - Level 3.6 Fighting
 + Level 8.4 Maces & Flails
 - Level 2.4 Armour
 - Level 2.1 Dodging


You had 5 spell levels left.
You didn't know any spells.

Dungeon Overview and Level Annotations

Branches:
Dungeon (4/27)
 Temple: D:4-7

Altars:

Annotations:
D:4 Eustachio


Innate Abilities, Weirdness & Mutations

You reflexively headbutt those who attack you in melee.
You have a pair of horns on your head.


Message History

You hit the iguana but do no damage.
You headbutt the iguana, but do no damage.
The iguana is heavily wounded.
The iguana bites you. The adder barely misses you. You furiously retaliate!
You headbutt the adder. You hit the adder. You headbutt the adder.
The adder is severely wounded.
The iguana bites you!
* * * LOW HITPOINT WARNING * * *
The adder bites you but does no damage.
You hit the adder.
You kill the adder!
Trog accepts your kill. The iguana bites you!
* * * LOW HITPOINT WARNING * * *
You closely miss the iguana. Your headbutt misses the iguana.
The iguana is heavily wounded.
You are feeling hungry.
The iguana bites you.
You die...

#. #######..#### #.
##########..#### #.
..........<..... #.
########........
#.#########..######
#............######
#..................
#.l# ############
#.@# #%%#
#..######## #######
#.......... .......
#.......... .......
#..................
#.......... .......
#..................
#..................


You could see an iguana.

Vanquished Creatures
  An iguana (D:4)
  A worker ant (D:4)
  A sky beast zombie (D:4)
  6 adders
  7 gnolls
  3 worms
  A giant mite (D:2)
  An ooze (D:3)
  2 giant geckos
  2 orcs
  5 giant cockroaches
  8 goblins
  13 hobgoblins
  10 jackals
  7 bats
  13 giant newts
  6 kobolds
  5 rats
92 creatures vanquished.

Notes
Turn   | Place    | Note
--------------------------------------------------------------
     0 | D:1      | Jaijje, the Minotaur Berserker, began the quest for the Orb.
     0 | D:1      | Reached XP level 1. HP: 19/19 MP: 0/0
   111 | D:1      | Reached skill level 4 in Maces & Flails
   147 | D:1      | Reached XP level 2. HP: 26/26 MP: 0/0
   324 | D:1      | Reached skill level 5 in Maces & Flails
   334 | D:1      | Acquired Trog's second power
   405 | D:1      | Reached XP level 3. HP: 25/33 MP: 1/1
   680 | D:2      | Reached skill level 6 in Maces & Flails
   680 | D:2      | Reached XP level 4. HP: 8/39 MP: 1/1
  1530 | D:3      | Reached skill level 7 in Maces & Flails
  1530 | D:3      | Reached XP level 5. HP: 46/46 MP: 1/1
  2397 | D:4      | Reached skill level 8 in Maces & Flails
  2658 | D:4      | Reached XP level 6. HP: 36/52 MP: 2/2
  2728 | D:4      | Noticed Eustachio
  2755 | D:4      | HP: 1/52 [iguana (9)]
  2756 | D:4      | Slain by an iguana

Action                   |  1- 3 |  4- 6 || total
-------------------------+-------+-------++-------
Melee: Mace              |    51 |   143 ||   194
Invok: Berserk           |     1 |     2 ||     3
  Use: Scroll            |       |     1 ||     1
